 Dungeon Crawl Stone Soup version 0.21.1-1-g345015f (webtiles) character file.

1813 Kairos the Poker (level 8, -4/54 HPs)
             Began as a Demonspawn Gladiator on Mar 26, 2018.
             Was an Initiate of Hepliaklqana.
             Killed from afar by an electric eel (13 damage)
             ... with a bolt of electricity
             ... on level 6 of the Dungeon.
             The game lasted 00:12:08 (6067 turns).

Kairos the Poker (Demonspawn Gladiator)             Turns: 6067, Time: 00:12:09

Health: -4/54      AC:  7    Str: 17    XL:     8   Next: 84%
Magic:  9/9        EV: 14    Int:  9    God:    Hepliaklqana [......]
Gold:   308        SH:  0    Dex: 15    Spells: 7/7 levels left

rFire    . . .     SeeInvis .   k - +0 spear (pierce)
rCold    . . .     Gourm    .   (no shield)
rNeg     . . .     Faith    .   o - +0 ring mail (curse)
rPois    .         Spirit   .   c - +0 helmet
rElec    .         Reflect  .   (no cloak)
rCorr    .         Harm     .   (no gloves)
MR       +....                  (no boots)
Stlth    ++++......             p - amulet of rage
HPRegen  0.18/turn              l - ring of stealth
MPRegen  0.11/turn              y - ring of protection from magic

@: no status effects
A: reduced essence, talons 1, nightstalker 1, sturdy frame 2
a: Recall Ancestor, Ancestor Identity, Renounce Religion, Evoke Berserk Rage


You were on level 6 of the Dungeon.
You worshipped Hepliaklqana.
Hepliaklqana was noncommittal.
You were near starving.

You visited 1 branch of the dungeon, and saw 6 of its levels.

You collected 308 gold pieces.

Inventory:

Hand Weapons
 a - a +0 quarterstaff
 k - a +0 spear of piercing (weapon)
 m - a +1 whip of freezing
Missiles
 d - 3 throwing nets
 z - 4 tomahawks (quivered)
Armour
 b - a +0 leather armour
 c - a +0 helmet (worn)
 o - a cursed +0 ring mail (worn)
 q - a +0 chain mail
 r - a +0 ring mail
Jewellery
 h - an uncursed amulet of harm
 l - a ring of stealth (left hand)
 p - an amulet of rage (around neck)
 v - a +5 amulet of reflection
 w - an uncursed ring of resist corrosion
 y - a ring of protection from magic (right hand)
Scrolls
 e - 2 scrolls of fog
 g - 2 scrolls of amnesia
 n - 2 scrolls of teleportation {unknown}
 A - 3 scrolls of blinking {unknown}
 B - a scroll of random uselessness {unknown}
 C - 5 scrolls of identify
 E - a scroll of enchant weapon {unknown}
 H - a scroll of remove curse
Potions
 i - 2 potions of haste {unknown}
 j - a potion of lignification {unknown}
 s - a potion of ambrosia {unknown}
 t - a potion of might
 u - a potion of heal wounds {unknown}
 x - a potion of agility {unknown}
 D - a potion of brilliance {unknown}
 G - a potion of invisibility {unknown}
Books
 F - a book of Necromancy

   Spells                             Type                      Level
   a - Pain                           Necromancy                   1
   b - Animate Skeleton               Necromancy                   1
   c - Vampiric Draining              Necromancy                   3
   d - Regeneration                   Charms/Necromancy            3
   e - Animate Dead                   Necromancy                   4
   f - Borgnjor's Vile Clutch         Necromancy/Earth             5
Comestibles
 f - 9 rations


   Skills:
 + Level 4.4 Fighting
 + Level 5.7(6.5) Polearms
 + Level 4.4(5.8) Staves
 + Level 1.8 Throwing
 + Level 4.2 Armour
 + Level 4.7 Dodging
 + Level 3.0 Stealth
 + Level 1.4 Evocations


You had 7 spell levels left.
You didn't know any spells.

Dungeon Overview and Level Annotations

Branches:
Dungeon (6/15)             Temple (0/1) D:6

Altars:
Ashenzari
Dithmenos
Fedhas
Hepliaklqana
Kikubaaqudgha
Okawaru


Innate Abilities, Weirdness & Mutations

You have sharp toenails.
You are slightly more attuned to the shadows.
Your movements are less encumbered by armour. (ER -4)
Your life essence is reduced to manifest your ancestor. (-10% HP)


Message History

The jackal bites the plant but does no damage.
Attack whom?
Press: ? - help, Dir - move target cursor, f/p - electric eel
Aim: an electric eel You reach to attack!
You closely miss the electric eel.
The jackal bites the plant but does no damage.
The electric eel shoots out a bolt of lightning at you!
The bolt of electricity hits you!
You are too injured to fight recklessly!
You are too injured to fight recklessly!
You are too injured to fight recklessly!
The electric eel shoots out a bolt of lightning at you!
The bolt of electricity hits you!
* * * LOW HITPOINT WARNING * * *
You hear a splashing noise. x2
The jackal splashes around in the water.
You hear a splashing noise.
The electric eel shoots out a bolt of lightning at you!
The bolt of electricity hits the plant.
The bolt of electricity hits you!
You die... ####.####...#####.## h.P

##...##...#...........
≈...
..>########..≈...P...≈P
.≈;P≈ ..<#
####.≈.≈≈≈≈PPh≈P≈PP≈≈≈≈
####
###≈≈≈≈P≈≈≈≈≈≈≈≈≈≈≈≈≈≈≈≈
... ≈≈≈≈≈≈≈≈≈≈≈≈≈≈≈≈≈≈
.# ≈≈≈≈≈≈≈≈≈≈≈P;≈≈≈≈. #
######)≈.≈≈R≈..... #
####......@........# #
##....######.##.....# ##
#..#### #.....#### .##
#.## ##8.8## ..####.#
#8...8# #.##...# #8.>.8#
.....### #8...8# #.####
#.#888## #.# #.#[###


You could see the friendly Nomusa the ancestor and an electric eel.

Vanquished Creatures
  Pikel (D:4)
  Grinder (D:4)
  Menkaure (D:6)
  Duvessa (D:4)
  A slave (D:3)
  The ghost of Kairos the Gusty, an amateur HuAE (D:3)
  2 ogres (D:4)
  Dowan (D:4)
  A howler monkey (D:4)
  A quasit (D:5)
  A jelly (D:5)
  An orc priest (D:6)
  3 hounds
  4 orc wizards
  A centaur skeleton (D:5)
  An iguana (D:5)
  2 worker ants (D:4)
  A hound zombie (D:5)
  3 gnolls (D:4)
  4 adders
  An adder skeleton (D:4)
  An adder zombie (D:6)
  A leopard gecko (D:1)
  6 orcs
  A ball python (D:6)
  6 bats
  3 giant cockroaches
  10 goblins
  8 hobgoblins
  12 jackals
  2 quokkas
  3 frilled lizards
  6 kobolds
  4 rats
96 creatures vanquished.

Vanquished Creatures (collateral kills)
  2 orcs (D:6)
2 creatures vanquished.

Vanquished Creatures (others)
  A slave (D:4)
  An ogre (D:4)
  A crimson imp (D:6)
  A bullfrog skeleton (D:4)
  2 ancestors (D:6)
  An adder (D:4)
  5 orcs (D:4)
  A jackal (D:6)
  5 plants (D:6)
18 creatures vanquished.

Grand Total: 116 creatures vanquished

Notes
Turn   | Place    | Note
-------+----------+-------------------------------------------
     0 | D:1      | Kairos the Demonspawn Gladiator began the quest for the Orb.
     0 | D:1      | Reached XP level 1. HP: 16/16 MP: 1/1
   131 | D:1      | Gained mutation: Your movements are slightly less encumbered by armour. (ER -2) [demonic ancestry]
   131 | D:1      | Reached XP level 2. HP: 17/22 MP: 2/2
   781 | D:2      | Reached XP level 3. HP: 18/27 MP: 3/3
  1688 | D:3      | Noticed Kairos's ghost (amateur HuAE)
  1743 | D:3      | Killed Kairos's ghost
  1743 | D:3      | Gained mutation: You have sharp toenails. [demonic ancestry]
  1743 | D:3      | Reached XP level 4. HP: 29/34 MP: 4/4
  1774 | D:3      | Reached XP level 5. HP: 31/39 MP: 5/5
  1810 | D:3      | Reached skill level 1 in Armour
  2025 | D:4      | Noticed a slave
  2030 | D:4      | Noticed a slave
  2035 | D:4      | Noticed a slave
  2041 | D:4      | Noticed a slave
  2048 | D:3      | Killed a slave
  2284 | D:4      | Noticed an ogre
  2285 | D:4      | Noticed Pikel
  2296 | D:4      | Killed an ogre
  2296 | D:4      | Reached skill level 1 in Polearms
  2302 | D:4      | Killed Pikel
  2302 | D:4      | Reached skill level 3 in Polearms
  2302 | D:4      | Reached skill level 1 in Stealth
  2302 | D:4      | Gained mutation: Your movements are less encumbered by armour. (ER -4) [demonic ancestry]
  2302 | D:4      | Reached XP level 6. HP: 25/47 MP: 6/6
  2302 | D:4      | Reached XP level 7. HP: 28/52 MP: 7/7
  2453 | D:4      | Killed a freed slave
  2716 | D:4      | Found an ancient bone altar of Kikubaaqudgha.
  2743 | D:4      | Found a shattered altar of Ashenzari.
  2950 | D:4      | Reached skill level 4 in Polearms
  2950 | D:4      | Reached skill level 1 in Evocations
  3155 | D:4      | Found an iron altar of Okawaru.
  3160 | D:4      | Noticed Dowan
  3161 | D:4      | Found a hazy altar of Hepliaklqana.
  3889 | D:4      | Gained mutation: You are slightly more attuned to the shadows. [demonic ancestry]
  3889 | D:4      | Reached XP level 8. HP: 47/60 MP: 8/8
  3901 | D:4      | Noticed Grinder
  3902 | D:4      | Found a blossoming altar of Fedhas.
  3903 | D:4      | Found a shadowy altar of Dithmenos.
  3912 | D:4      | Noticed Duvessa
  4041 | D:5      | Entered Level 5 of the Dungeon
  4556 | D:4      | Killed Dowan
  4563 | D:4      | Killed Duvessa
  4572 | D:4      | Killed Grinder
  4572 | D:4      | Reached skill level 5 in Polearms
  4726 | D:4      | Became a worshipper of Hepliaklqana the Forgotten
  4888 | D:6      | HP: 2/54 [electric eel/bolt of electricity (6)]
  5220 | D:6      | Noticed Menkaure
  5235 | D:6      | Killed Menkaure
  5878 | D:6      | Found a staircase to the Ecumenical Temple.
  6067 | D:6      | Killed from afar by an electric eel

Skill      XL: |  1  2  3  4  5  6  7  8 |
---------------+-------------------------+-----
Dodging        | 3 4 |  4.7
Staves         | 3 4 |  4.4
Armour         | 2 3 4 |  4.2
Polearms       | 3 4 5 |  5.7
Fighting       | 3 4 |  4.4
Stealth        | 1 3 |  3.0
Evocations     | 1 |  1.4
Throwing       | |  1.8

Action                   |  1- 3 |  4- 6 |  7- 9 || total
-------------------------+-------+-------+-------++-------
Melee: Quarterstaff      |   131 |       |       ||   131
       Spear             |    17 |    75 |   232 ||   324
       Kick              |       |    17 |    66 ||    83
Invok: Ancestor Identity |       |       |     1 ||     1
 Abil: Evoke Berserk Rag |       |     1 |     2 ||     3
  Use: Scroll            |     5 |       |       ||     5
 Stab: Sleeping          |       |     1 |     7 ||     8
       Distracted        |       |       |     1 ||     1
  Eat: Chunk             |     3 |     2 |     9 ||    14
       Ration            |       |       |     1 ||     1
Armor: Leather armour    |    18 |       |       ||    18
       Chain mail        |    66 |       |       ||    66
       Ring mail         |    15 |    31 |    44 ||    90
Dodge: Dodged            |   102 |    55 |    94 ||   251
Block: Other             |       |       |    11 ||    11
